 Dungeon Crawl Stone Soup version 0.30-a0-3-gc9032a9cac (webtiles) character file.

Game seed: 16033503651646217065

2 Flugkiller the Charlatan (level 1, 0/16 HPs)
             Began as a Hill Orc Artificer on Aug 20, 2022.
             Slain by a hobgoblin (2 damage)
             ... on level 1 of the Dungeon.
             The game lasted 00:00:18 (89 turns).

Flugkiller the Charlatan (Hill Orc Artificer)         Turns: 89, Time: 00:00:19

Health: 0/16       AC:  4    Str: 14    XL:     1   Next: 30%
Magic:  1/1        EV: 11    Int: 11    God:
Gold:   23         SH:  0    Dex: 11    Spells: 0/0 levels left

rFire   . . .      SeeInvis .    a - +0 club
rCold   . . .      Faith    .    (no shield)
rNeg    . . .      Spirit   .    b - +0 leather armour
rPois   .          Reflect  .    (no helmet)
rElec   .          Harm     .    (no cloak)
rCorr   .          Rampage  .    g - +0 pair of gloves
Will    .....                    (no boots)
Stlth   +.........               (no amulet)
HPRegen 0.05/turn                (no ring)
MPRegen 0.07/turn                (no ring)

@: no status effects
A: no striking features
a: no special abilities


You were on level 1 of the Dungeon.
You visited 1 branch of the dungeon, and saw 1 of its levels.

You collected 23 gold pieces.

Inventory:

Hand Weapons
 a - a +0 club (weapon)
Armour
 b - a +0 leather armour (worn)
 g - a +0 pair of gloves (worn)
   (You found it on level 1 of the Dungeon)
Wands
 c - a wand of flame (15) (quivered)
 d - a wand of charming (15)
 e - a wand of iceblast (5)
Scrolls
 f - a scroll of noise {unknown}
Potions
 h - a potion of heal wounds {unknown}


   Skills:
 + Level 1.6 Fighting
 - Level 2.1 Armour
 - Level 0.7 Dodging
 - Level 0.7 Stealth
 - Level 3.0 Evocations


You couldn't memorise any spells.
You didn't know any spells.
Your spell library was empty.

Dungeon Overview and Level Annotations

Branches:
Dungeon (1/15) Zot: 5904

Altars:


Message History

Ran out of altars for temple! x2
Welcome, Flugkiller the Hill Orc Artificer.
The magnificent Orb of Zot lies far below, as if waiting for you to find it.
Press ? for a list of commands and other information.
Found six human skeletons, 11 gold pieces and a short sword.
Found a staircase leading out of the dungeon.
Found three human skeletons.
You now have 11 gold pieces.
You see here a human skeleton.
You see here a human skeleton.
You see here a human skeleton.
You see here a +0 short sword.
Found a pair of gloves.
Found a stone staircase leading down.
Found a short sword.
You now have 23 gold pieces (gained 12).
There is a stone staircase leading down here.
f - a scroll labelled IDAFECZ HEYBO You see here a +0 pair of gloves.
g - a +0 pair of gloves You start putting on your armour.
You continue putting on your +0 pair of gloves. x4
You finish putting on your +0 pair of gloves.
A bat comes into view.
A bat is nearby!
The helpless bat fails to defend itself.
You hit the bat.
The bat is heavily wounded.
The bat hits you but does no damage.
You barely miss the bat.
The bat is heavily wounded.
The bat barely misses you.
You hit the bat.
You kill the bat!
No target in view!
No target in view!
h - a pink potion A rat comes into view.
A rat is nearby!
You closely miss the rat. The rat closely misses you. The rat bites you.
You hit the rat.
You kill the rat!
No target in view!
Unknown command.
A hobgoblin comes into view.
The hobgoblin shouts!
A hobgoblin is nearby!
A hobgoblin is nearby!
The hobgoblin closely misses you.
You barely miss the hobgoblin. The hobgoblin barely misses you.
You hit the hobgoblin but do no damage. The hobgoblin barely misses you.
The hobgoblin closely misses you.
A hobgoblin comes into view.
You hit the hobgoblin.
The hobgoblin is moderately wounded.
The hobgoblin closely misses you.
You barely miss the hobgoblin.
The hobgoblin is moderately wounded.
The hobgoblin closely misses you.
You hit the hobgoblin but do no damage.
The hobgoblin is moderately wounded.
The hobgoblin barely misses you.
You hit the hobgoblin.
The hobgoblin is almost dead.
The hobgoblin barely misses you.
The hobgoblin hits you but does no damage.
The hobgoblin attacks as you move away! The hobgoblin closely misses you.
The hobgoblin attacks as you move away! The hobgoblin hits you.
You barely miss the hobgoblin. You barely miss the hobgoblin.
The hobgoblin is almost dead.
The hobgoblin hits you but does no damage.
The hobgoblin barely misses you.
You closely miss the hobgoblin.
The hobgoblin is almost dead.
The hobgoblin hits you. x4
You are too injured to fight recklessly!
You hit the hobgoblin but do no damage.
The hobgoblin is severely wounded.
The hobgoblin barely misses you. x2
Unknown command.
You closely miss the hobgoblin.
The hobgoblin is severely wounded.
The hobgoblin closely misses you. The hobgoblin hits you.
* * * LOW HITPOINT WARNING * * *
Unknown command.
You hit the hobgoblin.
The hobgoblin is almost dead.
The hobgoblin misses you. The hobgoblin barely misses you.
The hobgoblin hits you.
* * * LOW HITPOINT WARNING * * *
The hobgoblin hits you.
You die...

### ... .... .....
##... ##... #..# #.#
##g#### #.# #.g@..#
#.# ##.#...# #.#
###..#...# #.#
#.......## #.# #
#.......####.######.#
#...................#
##.........####.†.####
#.........## #.###
#.....##..# #.# ###


You could see 2 hobgoblins.

Vanquished Creatures
  A bat (D:1)
  A rat (D:1)
2 creatures vanquished.

Notes
Turn   | Place    | Note
-------+----------+-------------------------------------------
     0 | D:1      | Flugkiller the Hill Orc Artificer began the quest for the
                  | Orb.
     0 | D:1      | Reached XP level 1. HP: 16/16 MP: 1/1
    89 | D:1      | Slain by a hobgoblin

Illustrated notes

Levels and vault maps discovered:
D:1:      giann_forest_graveyard, layout_rooms

Action                   || total
-------------------------++-------
Melee: Club              ||    17
 Stab: Sleeping          ||     1
Armor: Leather armour    ||     3
Dodge: Dodged            ||    17

Table legend: (Time is in decaauts)
 A = Elapsed time spent in this place.
 B = Non-inter-level travel time spent in this place.
 C = Inter-level travel time spent in this place.
 D = Time resting spent in this place.
 E = Time spent auto-exploring this place.
 F = Levels seen in this place.
 G = Mean time per level.
                   A        B        C        D        E       F      G
               +--------+--------+--------+--------+--------+-----+--------+
         Total |     93 |     93 |      0 |      0 |     28 |   1 |   93.0 |
       Dungeon |     93 |     93 |      0 |      0 |     28 |   1 |   93.0 |
               +--------+--------+--------+--------+--------+-----+--------+

Top non-repeatable levels by time:
     D:1: 93 daAuts
